 Dungeon Crawl Stone Soup version 0.31-a0-1008-g5b978dac0e (webtiles) character file.

Game seed: 14081407356136419764

(classic levelgen) 234 Amnesiac the Magician (level 6, -4/40 HPs)
             Began as a Djinni Conjurer on Nov 12, 2023.
             Slain by an ogre
             ... wielding a +0 giant club
              (30 damage)
             ... on level 4 of the Dungeon.
             The game lasted 00:02:22 (795 turns).

Amnesiac the Magician (Djinni Conjurer)              Turns: 795, Time: 00:02:23

Health: -4/40      AC:  2    Str:  6    XL:     6   Next: 26%
Gold:   57         EV: 12    Int: 21    God:
                   SH:  0    Dex: 12

rFire   + + .        f - +0 dagger (speed)
rCold   x . .        (no shield)
rNeg    . . .        a - +0 robe
rPois   ∞            (no helmet)
rElec   .            (no cloak)
rCorr   .            (no gloves)
SInv    .            (boots unavailable)
Will    .....        (no amulet)
Stlth   ++           (no ring)
HPRegen 0.26/turn    (no ring)
MPRegen 0.00/turn

%: infuse magic (-5 HP)
@: flying
A: sickness immunity, fire resistance 2, cold vulnerability 1, float, innate
caster, HP casting, extra vitality 1
a: no special abilities


You were on level 4 of the Dungeon.
You visited 1 branch of the dungeon, and saw 5 of its levels.

You collected 57 gold pieces.

Inventory:

Hand Weapons
 f - a +0 dagger of speed (weapon)
Armour
 a - a +0 robe (worn)
Wands
 e - a wand of polymorph (7)
Scrolls
 b - a scroll of poison {!r, unknown}
 d - a scroll of teleportation {!r, unknown}
 g - a scroll of revelation {!r, unknown}
 j - a scroll of noise {!r, unknown}
 k - a scroll of blinking {!r, unknown}
Potions
 c - a potion of invisibility {!q, unknown}
 h - a potion of mutation {!q, unknown}
 i - 2 potions of magic {!q, unknown}


   Skills:
 - Level 2.1 Dodging
 - Level 1.5 Stealth
 + Level 5.5 Spellcasting
 + Level 5.5 Conjurations
 + Level 5.5 Hexes
   Level 0.0 Charms
 + Level 5.5 Summonings
 + Level 5.5 Necromancy
 + Level 5.5 Translocations
 + Level 5.5 Transmutations
 + Level 5.5 Fire Magic
 + Level 5.5 Ice Magic
 + Level 5.5 Air Magic
 + Level 5.5 Earth Magic
 + Level 5.5 Poison Magic


You knew the following spells:

 Your Spells              Type           Power      Damage    Failure   Level
a - Magic Dart            Conj           100%       1d8       1%          1
b - Iskenderun's Mystic   Conj/Tloc      29%        2d7       11%         4
c - Fulminant Prism       Conj/Hex       14%        3d8       11%         4
d - Dazzling Flash        Conj/Hex       58%        N/A       3%          3
e - Searing Ray           Conj           58%        2d6       1%          2
f - Freeze                Ice            100%       1d10      1%          1
g - Call Imp              Summ           58%        N/A       1%          2
Your spell library was empty.

Dungeon Overview and Level Annotations

Branches:
Dungeon (5/15)
 Temple: D:4-7

Altars:

Annotations:
D:3 Ijyb


Innate Abilities, Weirdness & Mutations

You are immune to sickness and miasma.
You are immune to poison.
Your flesh is very heat resistant. (rF++)
You are vulnerable to cold. (rC-)
You float through the air rather than walking.
You learn spells naturally, not from books.
Your magical power is your life essence.
You have superior vitality. (+4 MHP)


Message History

The orc wizard gestures at you while chanting.
The puff of flame misses you.
Casting: Searing Ray (safe; 1% risk of failure)
Confirm with . or Enter, or press ? or * to list all spells.
Restarting spell: Searing Ray (safe; 1% risk of failure)
Press: ? - help, Shift-Dir - straight line, f - orc wizard
Aim: an orc wizard, wielding a +0 antimagic dagger and wearing a +0 robe (lightly wounded, 74% to hit)
The searing ray misses the orc wizard. (Press . to maintain the ray.)
The searing ray hits the orc wizard.
The orc wizard is moderately wounded.
The searing ray hits the orc priest!
The orc priest is heavily wounded.
The orc priest mumbles some strange prayers to Beogh against you.
Beogh smites you!
* * * LOW HITPOINT WARNING * * *
Something hits you but does no damage.
The searing ray hits something.
The searing ray hits the orc wizard.
The orc wizard is heavily wounded.
The searing ray hits the orc priest!
You kill the orc priest!
* * * LOW HITPOINT WARNING * * *
Something hits you.
* * * LOW HITPOINT WARNING * * *
The orc wizard points at you and mumbles some strange words.
The puff of flame hits something!
Reactivating autopickup.
You feel a bit more experienced.
You have reached level 6!
Casting: Searing Ray (safe; 1% risk of failure)
Confirm with . or Enter, or press ? or * to list all spells.
Restarting spell: Searing Ray (safe; 1% risk of failure)
Press: ? - help, Shift-Dir - straight line, f/p - orc wizard
Aim: an orc wizard, wielding a +0 antimagic dagger and wearing a +0 robe (heavily wounded, 74% to hit)
The searing ray hits the orc wizard!
You kill the orc wizard! (Press . to maintain the ray.)
* * * LOW HITPOINT WARNING * * *
You start resting.
HP restored.
Things that are here:
a +0 dagger; a +0 robe; an orc corpse
Items here: )) [[ †.
Things that are here:
a +0 mace; a +0 scale mail; a +0 dagger
Items here: )) [[ †.
Okay, then.
k - a scroll labelled SOCZIG KEVVUF {!r} You see here a +0 falchion.
You see here 5 stones.
Done exploring.
Search for what [? for help]? ego Unknown command.
Done exploring.
You see here 5 stones.
There is a stone staircase leading down here.
You fly downwards.
The ogre hits you with a +0 giant club!
The steam dragon hisses angrily.
You hear an angry hiss.
There is a stone staircase leading up here.
You fly upwards.
There is a stone staircase leading down here.
The ogre hits you with a +0 giant club!!
Ouch! That really hurt!
You die...

....# #..### ##.###.##..
..<.####...# #.....#### ..†(.#
#.#.# ###..## .###.###...####
#..# .###...###....##
#####..#####
..####..##[##..#######........<..
#.# ##.##.###.##.)....###..#####
#.#####.†#(###..#.w..........#
.......#........@>....#.####>#
.......###......#O....#.# #.# #
........................# ##.####
.......######......##..####.....(
.......# ###..#.##.#......####
.......#### ##.#....#.####.#
##..).....# #.....#..# #.#
#........# ##.......## #.#
#........# #..##.#### #.## #


You could see an ogre and a worm.

Vanquished Creatures
  A black bear (D:4)
  An orc priest (D:4)
  Jessica (D:3)
  An orc wizard (D:4)
  A gnoll (D:5)
  2 adders (D:2)
  2 dart slugs
  2 orcs (D:4)
  A bat (D:2)
  An endoplasm (D:4)
  2 giant cockroaches
  A goblin (D:4)
  3 quokkas
  2 kobolds (D:4)
  A rat (D:2)
22 creatures vanquished.

Vanquished Creatures (others)
  An orc wizard (D:4)
  A gnoll (D:5)
  5 fulminant prisms
7 creatures vanquished.

Grand Total: 29 creatures vanquished

Notes
Turn   | Place    | Note
-------+----------+-------------------------------------------
     0 | D:1      | Amnesiac the Djinni Conjurer began the quest for the Orb.
     0 | D:1      | Amnesiac set off with the following spells memorised: Magic
                  | Dart, Searing Ray, Dazzling Flash, Fulminant Prism,
                  | Iskenderun's Mystic Blast.
     0 | D:1      | Reached XP level 1. HP: 15/15 MP: 0/0
    43 | D:2      | Reached XP level 2. HP: 15/21 MP: 0/0
    46 | D:2      | Reached XP level 3. HP: 16/25 MP: 0/0
    46 | D:2      | Learned a level 1 spell: Freeze
    99 | D:3      | Noticed Jessica
   100 | D:3      | Killed Jessica
   101 | D:3      | Reached XP level 4. HP: 30/31 MP: 0/0
   124 | D:4      | Noticed a black bear
   135 | D:4      | Killed a black bear
   136 | D:4      | Reached skill level 5 in Spellcasting
   136 | D:4      | Reached skill level 5 in Conjurations
   136 | D:4      | Reached skill level 5 in Hexes
   136 | D:4      | Reached skill level 5 in Summonings
   136 | D:4      | Reached skill level 5 in Necromancy
   136 | D:4      | Reached skill level 5 in Translocations
   136 | D:4      | Reached skill level 5 in Transmutations
   136 | D:4      | Reached skill level 5 in Fire Magic
   136 | D:4      | Reached skill level 5 in Ice Magic
   136 | D:4      | Reached skill level 5 in Air Magic
   136 | D:4      | Reached skill level 5 in Earth Magic
   136 | D:4      | Reached skill level 5 in Poison Magic
   136 | D:4      | Reached XP level 5. HP: 22/35 MP: 0/0
   136 | D:4      | Learned a level 2 spell: Call Imp
   244 | D:5      | Entered Level 5 of the Dungeon
   244 | D:5      | Noticed a steam dragon
   254 | D:5      | Noticed an ogre
   339 | D:3      | Noticed Ijyb
   577 | D:4      | Reached XP level 6. HP: 11/40 MP: 0/0
   795 | D:4      | Slain by an ogre

Illustrated notes

Levels and vault maps discovered:
D:1:      minmay_arrival_solitary_statue, layout_basic
D:2:      kennysheep_six_static_rooms, layout_basic, minmay_indecisive_spiral
D:3:      layout_basic, serial_shops, shop, uniq_crazy_yiuf_cottage,
          uniq_jessica, uniq_ijyb, uniq_sigmund
D:4:      layout_rooms, item_on_display_a
D:5:      layout_basic, serial_shops, nicolae_shop_tiny_real_fake_doors,
          serial_park_tiny_pond

Skill      XL: |  1  2  3  4 |
---------------+-------------+-----
Spellcasting   | 4 5 |  5.5
Conjurations   | 4 5 |  5.5
Hexes          | 4 5 |  5.5
Summonings     | 4 5 |  5.5
Necromancy     | 4 5 |  5.5
Translocations | 4 5 |  5.5
Transmutations | 4 5 |  5.5
Fire Magic     | 4 5 |  5.5
Ice Magic      | 4 5 |  5.5
Air Magic      | 4 5 |  5.5
Earth Magic    | 4 5 |  5.5
Poison Magic   | 4 5 |  5.5
Dodging        | |  2.1
Stealth        | |  1.5

Action                     |  1- 3 |  4- 6 || total
---------------------------+-------+-------++-------
   Cast: Magic Dart        |    14 |    28 ||    42
         Freeze            |     1 |       ||     1
         Fulminant Prism   |       |     6 ||     6
         Searing Ray       |       |     3 ||     3
 Armour: Robe              |       |     7 ||     7
  Dodge: Dodged            |       |     2 ||     2

Table legend: (Time is in decaauts)
 A = Elapsed time spent in this place.
 B = Non-inter-level travel time spent in this place.
 C = Inter-level travel time spent in this place.
 D = Time resting spent in this place.
 E = Time spent auto-exploring this place.
 F = Levels seen in this place.
 G = Mean time per level.
                   A        B        C        D        E       F      G
               +--------+--------+--------+--------+--------+-----+--------+
         Total |    795 |    774 |     21 |    164 |    404 |   5 |  159.0 |
       Dungeon |    795 |    774 |     21 |    164 |    404 |   5 |  159.0 |
               +--------+--------+--------+--------+--------+-----+--------+

Top non-repeatable levels by time:
     D:4: 655 daAuts
     D:2: 82 daAuts
     D:3: 23 daAuts
     D:5: 18 daAuts
     D:1: 16 daAuts
